 Dungeon Crawl Stone Soup version 0.25-a0-517-gf8b3a32422 (console) character file.

Game seed: 4604343237027210966, levelgen mode: deterministic

202 surprisetrex the Firebug (level 5, -4/41 HPs)
             Began as a Hill Orc Fire Elementalist on Feb 17, 2020.
             Was an Initiate of Okawaru.
             Slain by an iguana (9 damage)
             ... on level 4 of the Dungeon.
             The game lasted 00:16:19 (4638 turns).

surprisetrex the Firebug (HOFE)                     Turns: 4638, Time: 00:16:19

Health: -4/41      AC:  5    Str: 11    XL:     5   Next: 80%
Magic:  4/7        EV: 12    Int: 16    God:    Okawaru [......]
Gold:   131        SH:  0    Dex: 11    Spells: 2/7 levels left

rFire    . . .     SeeInvis .   e - +0 short sword
rCold    . . .     Gourm    .   (no shield)
rNeg     . . .     Faith    .   a - +0 robe
rPois    .         Spirit   .   q - +2 hat
rElec    .         Reflect  .   (no cloak)
rCorr    .         Harm     .   s - +0 pair of gloves
MR       +....                  (no boots)
Stlth    ++........             (no amulet)
HPRegen  0.13/turn              f - ring of protection from magic
MPRegen  0.10/turn              t - ring of flight

@: no status effects
A: no striking features
a: Renounce Religion, Evoke Flight


You were on level 4 of the Dungeon.
You worshipped Okawaru.
Okawaru was noncommittal.
You were not hungry.

You visited 2 branches of the dungeon, and saw 5 of its levels.

You collected 131 gold pieces.

Inventory:

Hand Weapons
 e - a +0 short sword (weapon)
Missiles
 i - 67 stones (quivered)
Armour
 a - a +0 robe (worn)
 q - a +2 hat (worn)
 s - a +0 pair of gloves (worn)
 v - a +0 buckler
Jewellery
 f - a ring of protection from magic (left hand)
 t - a ring of flight (right hand)
Scrolls
 d - 2 scrolls of immolation
 g - a scroll of teleportation
 l - a scroll of enchant armour
 m - a scroll of noise {unknown}
 n - a scroll of remove curse {unknown}
 o - a scroll of enchant weapon
 p - a scroll of fog {unknown}
 r - a scroll of amnesia {unknown}
Potions
 b - a potion of heal wounds {unknown}
 h - 2 potions of curing {unknown}
 j - a potion of brilliance {unknown}
 k - 2 potions of agility
Comestibles
 c - 3 rations
 u - 2 chunks of flesh


   Skills:
 + Level 2.1 Fighting
 - Level 1.5 Dodging
 - Level 1.5 Stealth
 - Level 1.5 Spellcasting
 - Level 1.0 Conjurations
 + Level 6.5 Fire Magic


You had 2 spell levels left.
You knew the following spells:

 Your Spells              Type           Power        Failure   Level  Hunger
a - Foxfire               Conj/Fire      ##..         4%          1    ##.....
b - Sticky Flame          Conj/Fire      ##......     43%         4    #####..

Your spell library contained the following spells:

 Spells                   Type           Power        Failure   Level  Hunger
 Conjure Flame            Conj/Fire      ##......     14%         3    ####...
 Inner Flame              Hex/Fire       ##......     17%         3    ####...
 Fireball                 Conj/Fire      ##........   78%         5    ######.


Dungeon Overview and Level Annotations

Branches:
Dungeon (4/15)             Temple (1/1) D:4

Altars:
Ashenzari
Cheibriados
Dithmenos
Elyvilon
Fedhas
Gozag
Hepliaklqana
Makhleb
Nemelex Xobeh
Okawaru
Qazlal
Ru
Sif Muna
Trog
Vehumet
Xom
Yredelemnul
Zin
The Shining One

Annotations:
D:2 2 transporters


Message History

The iguana bites you but does no damage.
You hit the iguana.
The iguana is moderately wounded.
The iguana completely misses you.
Okay, then.
You hit the iguana but do no damage.
The iguana is moderately wounded.
The iguana bites you but does no damage.
The iguana bites you!
* * * LOW HITPOINT WARNING * * *
You barely miss the iguana.
The iguana is moderately wounded.
The iguana misses you.
You barely miss the iguana.
The iguana is moderately wounded.
The iguana misses you.
You hit the iguana but do no damage.
The iguana is moderately wounded.
The iguana bites you!
You die...

. #...# ..######
#.#.### ........
#...... ...... ###.###
...# #.#
#.#####.############.#
......ol.............#
.#####l################
#@# #........ #.#
#.####### #.# #.# #.#
#.# #.# #.# .. #.# #.#
..# #.########.# ##
#.###.#......#.#######
#.
#.##..#...............


You could see 2 iguanas and an orc.

Vanquished Creatures
  A hound (D:3)
  A worker ant (D:4)
  6 adders
  An ooze (D:1)
  4 worms
  4 leopard geckos
  2 orcs (D:3)
  8 bats
  4 giant cockroaches
  6 goblins
  7 hobgoblins
  7 jackals (D:1)
  8 kobolds
  3 quokkas
  2 ball pythons (D:1)
  3 frilled lizards
  8 rats
75 creatures vanquished.

Vanquished Creatures (others)
  A worker ant (D:4)
  2 adders (D:4)
  A leopard gecko (D:4)
  3 orcs (D:4)
  A quokka (D:4)
  A leopard gecko skeleton (D:4)
  151 foxfires
160 creatures vanquished.

Grand Total: 235 creatures vanquished

Notes
Turn   | Place    | Note
-------+----------+-------------------------------------------
     0 | D:1      | surprisetrex the Hill Orc Fire Elementalist began the quest
                  | for the Orb.
     0 | D:1      | Reached XP level 1. HP: 14/14 MP: 3/3
   261 | D:1      | Reached XP level 2. HP: 20/20 MP: 2/4
   271 | D:1      | Reached skill level 4 in Fire Magic
   983 | D:1      | Reached XP level 3. HP: 20/26 MP: 0/5
  1626 | D:2      | Reached skill level 5 in Fire Magic
  2120 | D:2      | Reached XP level 4. HP: 33/33 MP: 6/6
  2234 | D:2      | Found a glowing golden altar of the Shining One.
  2238 | D:2      | Found a transporter.
  2821 | D:2      | Found a transporter.
  2903 | D:3      | Reached skill level 6 in Fire Magic
  3001 | D:3      | Reached XP level 5. HP: 23/38 MP: 4/7
  3170 | D:3      | Learned a level 4 spell: Sticky Flame
  3247 | D:3      | Found a bloodstained altar of Trog.
  3388 | D:3      | Reached skill level 1 in Fighting
  3589 | D:3      | Found a sacrificial altar of Ru.
  3589 | D:3      | Found an iron altar of Okawaru.
  3597 | D:3      | Became a worshipper of Warmaster Okawaru
  4341 | D:4      | Found a staircase to the Ecumenical Temple.
  4374 | Temple   | Entered the Ecumenical Temple
  4638 | D:4      | Slain by an iguana

Levels and vault maps discovered:
D:1:      evilmike_arrival_hilbert_curve, layout_basic,
          hangedman_decor_slide_cut, minivault_5, nrook_campfire,
          minmay_misc_feat_plants
D:2:      layout_loops_cross, gammafunk_temple_overflow_arena
D:3:      layout_loops_ring, bloody_trog,
          chequers_temple_overflow_statue_of_worship, dk_noncrumbling_2,
          roderic_serpentine_path
D:4:      layout_basic, minmay_temple_entry_large_hall, xom_confusion_cloud,
          uniq_eustachio
Temple:   eino_wide_crystal_templ

Skill      XL: |  1  2  3  4  5 |
---------------+----------------+-----
Fire Magic     | 4 5 6 |  6.5
Fighting       | 2 |  2.1
Dodging        | |  1.5
Stealth        | |  1.5
Spellcasting   | |  1.5
Conjurations   | |  1.0

Action                   |  1- 3 |  4- 6 || total
-------------------------+-------+-------++-------
Melee: Unarmed           |    17 |       ||    17
       Short sword       |    51 |    77 ||   128
Throw: Stone             |     5 |       ||     5
 Cast: Foxfire           |    48 |    58 ||   106
  Use: Scroll            |       |     6 ||     6
 Stab: Sleeping          |     3 |     6 ||     9
       Distracted        |       |     1 ||     1
  Eat: Chunk             |     5 |     9 ||    14
Armor: Robe              |     9 |    22 ||    31
Dodge: Dodged            |    55 |    70 ||   125

Table legend:
 A = Non-vault XP
 B = Vault XP
 C = Vault XP percentage of total XP
 D = Non-vault monster count
 E = Vault monster count
 F = Vault count percentage of total count
                 A         B        C        D         E       F
            +---------+---------+-------+---------+---------+-------
      Total |     289 |       0 |   0.0 |      75 |       0 |   0.0
            +---------+---------+-------+---------+---------+-------
        D:1 |      54 |       0 |   0.0 |      28 |       0 |   0.0
        D:2 |      99 |       0 |   0.0 |      27 |       0 |   0.0
        D:3 |      97 |       0 |   0.0 |      16 |       0 |   0.0
        D:4 |      39 |       0 |   0.0 |       4 |       0 |   0.0
            +---------+---------+-------+---------+---------+-------
